 Dungeon Crawl Stone Soup version 0.20.1-1-g8b1a95d (webtiles) character file.

47 Linguinho the Skirmisher (level 3, -2/29 HPs)
             Began as a Demonspawn Monk on Nov 7, 2017.
             Slain by a goblin
             ... wielding a +0 dagger
             ... led by Robin
              (3 damage)
             ... on level 1 of the Dungeon.
             The game lasted 00:02:56 (1382 turns).

Linguinho the Skirmisher (Demonspawn Monk)          Turns: 1382, Time: 00:02:57

Health: -2/29      AC:  2    Str: 12    XL:     3   Next: 48%
Magic:  3/3        EV: 13    Int: 11    God:
Gold:   93         SH:  0    Dex: 15    Spells: 2/2 levels left

rFire    . . .     SeeInvis .     - Unarmed
rCold    . . .     Gourm    .   (no shield)
rNeg     . . .     Faith    .   a - +0 robe
rPois    .         Spirit   .   (no helmet)
rElec    .         Reflect  .   (no cloak)
rCorr    .         Harm     .   (no gloves)
MR       .....                  (no boots)
Stlth    ++........             (no amulet)
Regen    0.1/turn               (no ring)
MPRegen  0.1/turn               (no ring)

@: drained
A: powered by death 1
a: no special abilities


You were on level 1 of the Dungeon.
You were hungry.

You visited 1 branch of the dungeon, and saw 2 of its levels.

You collected 93 gold pieces.

Inventory:

Armour
 a - a +0 robe (worn)
Scrolls
 e - a scroll of random uselessness {unknown}
 f - 2 scrolls of immolation {unknown}
 h - a scroll of enchant weapon {unknown}
 i - 2 scrolls of teleportation {unknown}
 j - a scroll of magic mapping {unknown}
 k - a scroll of amnesia {unknown}
 l - 2 scrolls of identify {unknown}
 m - a scroll of enchant armour {unknown}
Potions
 c - 2 potions of curing {unknown}
 d - a potion of mutation {unknown}
 o - 2 potions of brilliance {unknown}
Comestibles
 b - a bread ration
 g - a meat ration


   Skills:
 + Level 3.5(2.7) Fighting
 + Level 3.0(2.2) Dodging
 + Level 2.1(1.3) Stealth
 + Level 3.3(2.5) Unarmed Combat


You had 2 spell levels left.
You didn't know any spells.

Dungeon Overview and Level Annotations

Branches:
Dungeon (2/15)

Altars:

Annotations:
D:2 Robin


Innate Abilities, Weirdness & Mutations

You regenerate a little health from kills.


Message History

The goblin misses you.
You climb upwards.
There is a stone staircase leading down here.
You closely miss the goblin.
You are feeling hungry.
The goblin hits you with a dagger.
* * * LOW HITPOINT WARNING * * *
You barely miss the goblin. The goblin hits you but does no damage.
You closely miss the goblin. The goblin hits you with a dagger.
* * * LOW HITPOINT WARNING * * *
You closely miss the goblin. The goblin barely misses you.
You closely miss the goblin. You closely miss the goblin.
The goblin barely misses you.
You closely miss the goblin. The goblin hits you with a dagger.
* * * LOW HITPOINT WARNING * * *
The goblin hits you with a dagger.
* * * LOW HITPOINT WARNING * * *
Unknown command.
The goblin hits you with a dagger.
You die...

#..#..........).>#
#......# #.
.#.#.#.#.#.#####.#
#..###.#####.
..(....#.#.# #.#
#............
.#.#.#.#.#.# #.#
#.###########
#..........# #.# #.#
####### .....#.....# #.#
#.# #...... ###......#.#
#.# #.# #.#####
###.#.#.#.#####g####.##
#.#
#..............@......#
#.#
##.#.....#.#####.####..#
#.# .#.#..#..........#
#..# #.#
...........#.###.####..#
#.# .#.#.#####.#.#
#.......# #.##### .#.#.#
#.#.###.#####.# #......
...#.# #.......# #.#
######. ...#.# ###.##..#
#.# #. ..##.# #.##..#
#.# #.


You could see a goblin.

Vanquished Creatures
  An adder (D:2)
  A gnoll (D:1)
  2 leopard geckos (D:1)
  2 giant cockroaches
  5 goblins (D:1)
  3 hobgoblins (D:1)
  5 kobolds
  3 bats (D:1)
  3 frilled lizards
  2 rats (D:1)
27 creatures vanquished.

Notes
Turn   | Place    | Note
-------+----------+-------------------------------------------
     0 | D:1      | Linguinho the Demonspawn Monk began the quest for the Orb.
     0 | D:1      | Reached XP level 1. HP: 18/18 MP: 1/1
   304 | D:1      | Gained mutation: You regenerate a little health from kills. [demonic ancestry]
   304 | D:1      | Reached XP level 2. HP: 22/24 MP: 2/2
   706 | D:1      | Reached XP level 3. HP: 14/29 MP: 3/3
  1269 | D:2      | Noticed Robin
  1374 | D:1      | HP: 1/29 [goblin/dagger[Robin] (4)]
  1382 | D:1      | Slain by a goblin

Skill      XL: |  1  2  3 |
---------------+----------+-----
Stealth        | 2 |  2.1
Unarmed Combat | 3 |  3.3
Dodging        | 3 |  3.0
Fighting       | |  3.5

Action                   || total
-------------------------++-------
Melee: Unarmed           ||   110
       Punch             ||     1
 Stab: Sleeping          ||     3
  Eat: Chunk             ||     1
Armor: Robe              ||    20
Dodge: Dodged            ||    56
